 Dungeon Crawl Stone Soup version 0.26-a0-835-g8259106e14 (webtiles) character file.

Game seed: 9034991894954283887

246308 strifetoe the Executioner (level 19, -4/159 HPs)
             Began as a Demonspawn Gladiator on Nov 17, 2020.
             Was a High Priest of Okawaru.
             Killed from afar by a deep elf knight (13 damage)
             ... with a stone arrow
             ... on level 3 of the Elven Halls on Nov 18, 2020.
             The game lasted 01:16:40 (43330 turns).

strifetoe the Executioner (Demonspawn Gladiator)   Turns: 43330, Time: 01:16:41

Health: -4/159     AC: 32    Str: 18    XL:     19   Next: 19%
Magic:  25/25      EV: 19    Int: 10    God:    Okawaru [*****.]
Gold:   2042       SH:  5    Dex: 23    Spells: 17/18 levels left

rFire    + . .     SeeInvis .   H - +6 battleaxe of the Endless March {vorpal, *Rage rN+ Int-2 Dex+7}
rCold    . . .     Faith    .   (shield currently unavailable)
rNeg     + . .     Spirit   .   B - +6 chain mail "Leahufue" {+Inv rF+ MR+++ Str-2}
rPois    +         Reflect  +   (helmet unavailable)
rElec    .         Harm     .   Z - +2 cloak {rCorr}
rCorr    +         Rampage  .   L - +2 pair of gloves of Lumeo {rPois Int+3}
MR       ++++.     Rnd*Rage +   b - +0 pair of boots
Stlth    ..........             K - amulet of reflection
HPRegen  0.36/turn              h - +4 ring of slaying
MPRegen  0.19/turn              S - +4 ring of evasion

@: about to teleport, studying Necromancy, lightly drained
A: horns 3, iridescent scales 3, powered by pain 2, spiny 2, weak 1
}: 1/15 runes: gossamer
a: Heroism, Finesse, Renounce Religion, Evoke Invisibility


You were on level 3 of the Elven Halls.
You worshipped Okawaru.
Okawaru was extremely pleased with you.
You visited 6 branches of the dungeon, and saw 31 of its levels.
You visited the Abyss 1 time.
You also visited: Ossuary.

You collected 3611 gold pieces.
You spent 1569 gold pieces at shops.

Inventory:

Hand Weapons
 c - the +1 battleaxe of the Messenger {elec, rF+}
   (Okawaru gifted it to you on level 3 of the Elven Halls)

   Occasionally, upon striking a foe, it will discharge some electrical energy
   and cause terrible harm.
   It protects you from fire.
 C - a +0 executioner's axe of pain
 H - the +6 battleaxe of the Endless March (weapon) {vorpal, *Rage rN+ Int-2 Dex+7}
   (You found it on level 10 of the Dungeon)

   It inflicts extra damage upon your enemies.
   It affects your intelligence (-2).
   It affects your dexterity (+7).
   It protects you from negative energy.
   It may make you go berserk in combat.
 J - the +1 executioner's axe of Prudence {freeze, Stlth+}
   (Okawaru gifted it to you on level 5 of the Lair of Beasts)

   It has been specially enchanted to freeze those struck by it, causing extra
   injury to most foes and up to half again as much damage against particularly
   susceptible opponents.
   It can also slow down cold-blooded creatures.
   It makes you more stealthy.
 R - the +1 battleaxe of the Twisting Visionary {elec, rPois Str+3 Stlth+}
   (Okawaru gifted it to you on level 15 of the Dungeon)

   Occasionally, upon striking a foe, it will discharge some electrical energy
   and cause terrible harm.
   It affects your strength (+3).
   It protects you from poison.
   It makes you more stealthy.
Missiles
 d - 4 throwing nets (quivered)
 U - 12 silver javelins
Armour
 a - the +4 chain mail of the Wasteland {rPois Regen+ Dex+2}
   (Okawaru gifted it to you on level 12 of the Dungeon)

   It affects your dexterity (+2).
   It protects you from poison.
   It increases your rate of regeneration.
 b - a +0 pair of boots (worn)
 f - a +2 plate armour of cold resistance
 l - the +8 plate armour "Opseu" {rC+}
   (You found it on level 3 of the Abyss)

   It protects you from cold.
 B - the +6 chain mail "Leahufue" (worn) {+Inv rF+ MR+++ Str-2}
   (You bought it in a shop on level 2 of the Orcish Mines)

   It affects your strength (-2).
   It protects you from fire.
   It affects your resistance to hostile enchantments.
   It lets you turn invisible.
 L - the +2 pair of gloves of Lumeo (worn) {rPois Int+3}
   (Okawaru gifted it to you on level 1 of the Spider Nest)

   It affects your intelligence (+3).
   It protects you from poison.
 O - the +0 pair of gloves of Absolutism {rF+ rN+ SInv}
   (You bought it in a shop on level 2 of the Orcish Mines)

   It protects you from fire.
   It protects you from negative energy.
   It lets you see invisible.
 T - the +11 plate armour "Ruokhuw" {Rampage *Drain rF+++ Stlth+}
   (You found it on level 2 of the Spider Nest)

   It renders you almost immune to fire.
   It causes draining when unequipped.
   It bestows one free step when moving towards enemies.
   It makes you more stealthy.
 Z - a +2 cloak of preservation (worn)
Jewellery
 h - a +4 ring of slaying (left hand)
 j - the ring "Deofrin" {Str+4 Int+6}
   (You took it off a deep elf master archer on level 3 of the Elven Halls)

   [ring of intelligence]

   It affects your strength (+4).
   It affects your intelligence (+6).
 r - the ring "Plog" {*Tele +Inv rN+ Dex+3}
   (You found it on level 12 of the Dungeon)

   [ring of teleportation]

   It may teleport you next to monsters.
   It affects your dexterity (+3).
   It protects you from negative energy.
   It lets you turn invisible.
 A - an uncursed amulet of regeneration
 I - an uncursed ring of protection from fire
 K - an amulet of reflection (around neck)
 M - an uncursed ring of ice
 S - a +4 ring of evasion (right hand)
 W - an uncursed ring of positive energy
 Y - a +6 ring of dexterity
Wands
 v - a wand of acid (17)
 y - a wand of disintegration (10)
 z - a wand of iceblast (7)
 F - a wand of paralysis (17)
 P - a wand of flame (28)
 X - a wand of enslavement (2)
Scrolls
 e - 19 scrolls of remove curse
 g - 4 scrolls of enchant armour
 k - 2 scrolls of summoning
 n - a scroll of teleportation
 o - 5 scrolls of enchant weapon
 u - 14 scrolls of identify
 x - 4 scrolls of fog
 E - 7 scrolls of fear
 G - 3 scrolls of magic mapping
 N - 3 scrolls of blinking
Potions
 m - a potion of flight
 p - 3 potions of might
 q - 3 potions of resistance
 s - 8 potions of curing
 t - 3 potions of invisibility
 w - 4 potions of cancellation
 D - a potion of berserk rage
 Q - 2 potions of haste
Books
 V - a manual of Necromancy
Miscellaneous
 i - a condenser vane


   Skills:
 - Level 16.8(16.7) Fighting
 + Level 21.2(21.0) Axes
 - Level 5.6(5.5) Throwing
 - Level 10.4(10.3) Armour
 - Level 10.7(10.5) Dodging
 + Level 9.3(9.1) Necromancy
 - Level 8.9(8.8) Invocations


You had 17 spell levels left.
You knew the following spells:

 Your Spells              Type           Power        Failure   Level
a - Animate Skeleton      Necr           ###...       8%          1

Your spell library contained the following spells:

 Spells                   Type           Power        Failure   Level
 Sublimation of Blood     Necr           ###.......   11%         2
 Corpse Rot               Necr/Air       N/A          58%         2
 Dispel Undead            Necr           ###.....     58%         4
 Agony                    Necr           ###.....     90%         5
 Excruciating Wounds      Necr           ###.......   90%         5
 Apportation              Tloc           #.....       97%         1
 Corona                   Hex            #......      97%         1
 Foxfire                  Conj/Fire      #...         97%         1
 Magic Dart               Conj           #...         97%         1
 Sandblast                Erth           #.....       97%         1
 Summon Small Mammal      Summ           #...         97%         1
 Blink                    Tloc           N/A          99%         2
 Call Imp                 Summ           #.......     99%         2
 Passwall                 Tmut/Erth      #.......     99%         2
 Slow                     Hex            #.......     99%         2
 Call Canine Familiar     Summ           #.......     100%        3
 Conjure Flame            Conj/Fire      #.......     100%        3
 Inner Flame              Hex/Fire       #.......     100%        3
 Mephitic Cloud           Conj/Pois/Air  #.......     100%        3
 Stone Arrow              Conj/Erth      #.....       100%        3
 Summon Guardian Golem    Hex/Summ       #.......     100%        3
 Cause Fear               Hex            #.........   100%        4
 Petrify                  Tmut/Erth      #.......     100%        4
 Sticky Flame             Conj/Fire      #.......     100%        4
 Summon Ice Beast         Ice/Summ       #.......     100%        4
 Summon Lightning Spire   Summ/Air       #.......     100%        4
 Bolt of Magma            Conj/Fire/Erth #.........   100%        5
 Fireball                 Conj/Fire      #.........   100%        5
 Iskenderun's Battlesphe  Conj           #.......     100%        5
 Lee's Rapid Deconstruct  Erth           #.........   100%        5
 Silence                  Hex/Air        #.........   100%        5
 Yara's Violent Unravell  Hex/Tmut       #.........   100%        5
 Iron Shot                Conj/Erth      #.........   100%        6
 Orb of Destruction       Conj           #.........   100%        7
 Spellforged Servitor     Conj/Summ      #.........   100%        7
 Discord                  Hex            #.........   100%        8


Dungeon Overview and Level Annotations

Branches:
Dungeon (15/15)            Temple (1/1) D:4            Lair (6/6) D:8
 Shoals (0/4) Lair:3       Spider (4/4) Lair:3        Slime (0/5) Lair:5
    Orc (2/2) D:11            Elf (3/3) Orc:2        Vaults (0/5) D:13
 Depths (0/5) D:15        Ossuary (visited)

Altars:
Ashenzari
Cheibriados
Dithmenos
Elyvilon
Fedhas
Gozag
Hepliaklqana
Kikubaaqudgha
Makhleb
Nemelex Xobeh
Okawaru
Qazlal
Ru
Sif Muna
Trog
Uskayaw
Vehumet
Wu Jian
Xom
Yredelemnul
Zin
The Shining One
Beogh
Jiyva

Shops:
Orc:2 *[:(}   Elf:2 ?   Elf:3 [

Annotations:
D:7 exclusion: downstairs
D:8 exclusion: downstairs
D:12 exclusion: 2 statues
Lair:1 2 transporters, exclusions: downstairs and 1 more exclusion
Lair:5 exclusion: downstairs
Elf:2 3 runed translucent doors


Innate Abilities, Weirdness & Mutations

You have a pair of large horns on your head.
You are completely covered in iridescent scales. (AC +6)
You sometimes gain power by taking damage.
You are mostly covered in sharp spines.
You are weak. (Str -2)


Message History

The deep elf high priest invokes the aid of its god against you.
Something smites you!
* * * LOW HITPOINT WARNING * * *
Unknown command.
As you read the scroll of teleportation, it crumbles to dust.
You feel strangely unstable.
The deep elf mage seems to regain its courage.
The deep elf sorcerer is struck by your spines.
The deep elf sorcerer hits you with a +0 long sword.
* * * LOW HITPOINT WARNING * * *
The deep elf high priest mumbles some strange prayers to its god against you.
Something smites you!
* * * LOW HITPOINT WARNING * * *
The deep elf mage hits you but does no damage.
You partially resist.
You feel drained.
Okay, then.
You feel better.
The deep elf knight casts a spell at you.
The stone arrow hits you!
You die...

*,,,#......##**,,,,,,,,####....
*,,,##)...## **.....###......#
*,...#....# *....##........#
*,#..#....# *....#.....#...#
#,#..##...## *#...##....#.#..#
#.*#..#....####....#....###...#
#..#..#e...........#....#*....#
*#.##.............##...##....##
#..##)...e...@...#....##....#
#.......###..ee..#...#.#....#
##....)...####...#..##.....**
#...e##.....#####)(.#.....*
##....###.....(()(.......##
###....##(...))(......###
####.............####
###############


You could see a deep elf sorcerer (empowered), a deep elf knight (fast,
empowered), a deep elf high priest (brilliance aura) and a deep elf mage
(empowered).

Vanquished Creatures
  Arachne (Spider:4)
  A bone dragon (Abyss:3)
  Jorgrun (Orc:1)
  Asterion (Spider:1)
  2 deep elf master archers (Elf:3)
  Agnes (D:15)
  Kirke (D:15)
  Roxanne (Spider:3)
  Donald (Spider:1)
  Louise (D:15)
  4 ghost moths
  4 emperor scorpions
  2 deep elf elementalists (Elf:3)
  2 entropy weavers
  A stone giant (Orc:2)
  5 deep elf demonologists
  6 deep elf annihilators (Elf:3)
  2 spark wasps
  6 deep elf death magi (Elf:3)
  Josephine (Lair:5)
  2 deep elf high priests (Elf:3)
  Erolcha (D:11)
  Harold (D:11)
  2 boulder beetles
  2 catoblepae
  12 hydras
  A death knight (D:15)
  15 dancing weapons
  A deep troll shaman (Lair:6)
  3 centaur warriors
  3 tengu warriors
  17 two-headed ogres
  8 death yaks (Lair:6)
  3 ogre magi
  10 deep elf knights
  Sonja (Orc:2)
  The ghost of krigyl the Sneak, a novice NaAE of Hepliaklqana (D:8)
  16 skeletal warriors
  A death drake (shapeshifter) (Elf:1)
  2 deep trolls (Orc:2)
  2 unseen horrors
  12 deep elf archers
  6 starcursed masses (Abyss:3)
  2 wizards (D:15)
  Pikel (D:8)
  A lindwurm (Lair:6)
  47 wolf spiders
  50 deep elf magi
  2 manticores
  4 cyclopes
  An oklob plant (Lair:6)
  18 ugly things
  3 orc sorcerers
  20 orb spiders
  7 elephants
  3 moths of wrath
  Maurice (D:8)
  2 centaur zombies
  Joseph (D:8)
  2 merfolk sirens (Lair:3)
  A naga mage (D:15)
  4 molten gargoyles (D:13)
  A torpor snail (Spider:2)
  2 black mambas
  11 cane toads
  2 rime drakes
  4 gargoyles
  A kobold demonologist (D:13)
  17 komodo dragons
  A hellwing (Abyss:3)
  15 trolls
  8 demonic crawlers
  52 jumping spiders
  5 polar bears
  13 hornets
  A hornet (shapeshifter) (D:15)
  2 merfolk (Lair:3)
  3 raiju (Abyss:3)
  Grinder (D:5)
  A harpy skeleton (D:14)
  5 dream sheep (Lair:6)
  3 slime creatures (D:12)
  22 blink frogs
  A centaur simulacrum (D:15)
  3 shadows
  2 vampires
  2 water elementals (Elf:1)
  2 air elementals
  6 wraiths
  45 yaks
  79 redbacks
  37 tarantellas
  5 wyverns
  4 hogs (D:15)
  3 small abominations
  A fire elemental (Elf:3)
  5 basilisks
  2 large abominations
  2 vampire mosquitoes (D:15)
  Menkaure (Ossuary)
  A warg (Orc:1)
  A two-headed ogre zombie (D:11)
  An acid dragon (D:11)
  20 water moccasins
  Duvessa (D:7)
  A hornet zombie (D:9)
  Purgy (D:3)
  An ice beast (D:12)
  9 orc warriors
  2 sky beasts
  2 black bears
  An eye of draining (D:8)
  30 ogres
  5 phantoms
  5 necrophages
  30 wolves
  17 centaurs
  3 big kobolds
  29 bullfrogs
  Dowan (D:7)
  4 earth elementals
  A wyvern zombie (D:13)
  8 killer bees
  9 scorpions
  2 troll zombies (D:11)
  5 howler monkeys
  49 wights
  3 electric eels
  A crimson imp (D:6)
  A quasit (D:9)
  2 bullfrog zombies
  2 jellies
  A gnoll shaman (D:7)
  8 hounds
  9 orc priests
  A bullfrog skeleton (D:4)
  2 iguanas
  Jessica (D:3)
  6 centaur skeletons
  14 orc wizards
  6 worker ants
  5 ogre zombies (D:11)
  A hound zombie (D:9)
  3 howler monkey zombies
  3 mummies (Ossuary)
  20 adders
  12 gnolls
  A shadow imp (D:8)
  7 white imps
  2 ufetubi (D:9)
  An adder skeleton (D:8)
  3 adder zombies
  3 worms (D:3)
  3 dart slugs
  5 leopard geckos
  58 orcs
  10 bats
  7 giant cockroaches
  7 gnoll zombies (Ossuary)
  10 goblins
  3 hobgoblins
  13 jackals
  14 kobolds
  3 quokkas
  2 ball pythons
  4 frilled lizards
  4 gnoll skeletons (Ossuary)
  4 goblin skeletons
  7 goblin zombies
  7 hobgoblin skeletons
  9 hobgoblin zombies
  4 kobold skeletons (Ossuary)
  3 kobold zombies (Ossuary)
  2 leopard gecko skeletons (D:4)
  8 orc skeletons
  10 orc zombies
  A quokka skeleton (D:8)
  A quokka zombie (D:7)
  7 rats
  7 rat skeletons (Ossuary)
  5 rat zombies
1281 creatures vanquished.

Vanquished Creatures (others)
  A deep elf elementalist (Elf:3)
  A deep elf high priest (Elf:3)
  A dancing weapon (Elf:3)
  2 deep elf magi
  A deep elf archer (Elf:1)
  A hobgoblin zombie (Ossuary)
  A rat zombie (Ossuary)
  28 fungi
  41 plants
  5 starspawn tentacles (Abyss:3)
82 creatures vanquished.

Grand Total: 1363 creatures vanquished

Notes
Turn   | Place    | Note
-------+----------+-------------------------------------------
     0 | D:1      | strifetoe the Demonspawn Gladiator began the quest for the
                  | Orb.
     0 | D:1      | Reached XP level 1. HP: 16/16 MP: 1/1
   172 | D:1      | Reached skill level 3 in Axes
   254 | D:1      | Gained mutation: You are partially covered in sharp spines.
                  | [demonic ancestry]
   254 | D:1      | Reached XP level 2. HP: 22/22 MP: 2/2
   584 | D:1      | Gained mutation: You have a pair of small horns on your
                  | head. [demonic ancestry]
   584 | D:1      | Reached XP level 3. HP: 27/27 MP: 3/3
   663 | D:1      | Reached skill level 4 in Axes
  1229 | D:2      | Reached XP level 4. HP: 30/33 MP: 4/4
  1443 | D:2      | Found a radiant altar of Vehumet.
  1724 | D:3      | Found a stormy altar of Qazlal.
  1801 | D:3      | Reached skill level 5 in Axes
  1980 | D:3      | Gained mutation: You are partially covered in iridescent
                  | scales. (AC +2) [demonic ancestry]
  1980 | D:3      | Reached XP level 5. HP: 38/38 MP: 5/5
  2043 | D:3      | Found a shadowy altar of Dithmenos.
  2165 | D:3      | Found a sacrificial altar of Ru.
  2169 | D:3      | Found a snail-covered altar of Cheibriados.
  2182 | D:3      | Found a glowing silver altar of Zin.
  2186 | D:3      | Found a shimmering altar of Xom.
  2301 | D:3      | Noticed Jessica
  2305 | D:3      | Killed Jessica
  2387 | D:3      | Noticed Purgy
  2396 | D:3      | Killed Purgy
  2397 | D:3      | Reached skill level 6 in Axes
  2397 | D:3      | Reached XP level 6. HP: 42/44 MP: 6/6
  2603 | D:4      | Reached skill level 7 in Axes
  3030 | D:4      | Found a staircase to the Ecumenical Temple.
  3120 | D:4      | Reached XP level 7. HP: 26/50 MP: 7/7
  3931 | D:5      | Entered Level 5 of the Dungeon
  4268 | D:5      | Reached skill level 8 in Axes
  4426 | D:5      | Noticed Grinder
  4440 | D:5      | Killed Grinder
  4441 | D:5      | Reached XP level 8. HP: 37/61 MP: 8/8
  4576 | D:5      | Found an opulent altar of Gozag.
  4615 | D:5      | Reached skill level 5 in Fighting
  4738 | D:5      | Reached skill level 9 in Axes
  5135 | D:6      | Found a sand-covered staircase.
  5167 | Ossuary  | Entered an ossuary
  5508 | Ossuary  | Noticed Menkaure
  5510 | Ossuary  | Killed Menkaure
  5770 | D:6      | Found a basalt altar of Yredelemnul.
  5862 | D:6      | Gained mutation: You are mostly covered in iridescent
                  | scales. (AC +4) [demonic ancestry]
  5862 | D:6      | Reached XP level 9. HP: 50/69 MP: 9/9
  6008 | D:6      | Reached skill level 10 in Axes
  6212 | Temple   | Entered the Ecumenical Temple
  6438 | D:7      | Found a sparkling altar of Nemelex Xobeh.
  7003 | D:7      | Noticed Dowan
  7004 | D:7      | Noticed Duvessa
  7011 | D:7      | Reached skill level 11 in Axes
  7015 | D:7      | Killed Duvessa
  7017 | D:7      | Killed Dowan
  7562 | D:8      | Found a staircase to the Lair.
  7575 | D:7      | Reached skill level 12 in Axes
  7731 | D:7      | Reached XP level 10. HP: 46/76 MP: 10/10
  8032 | D:8      | Noticed Joseph
  8041 | D:8      | Killed Joseph
  8046 | D:8      | Reached skill level 13 in Axes
  8583 | D:8      | Noticed Maurice
  8600 | D:8      | Killed Maurice
  8729 | D:8      | Found a bloodstained altar of Trog.
  8729 | D:8      | Found an iron altar of Okawaru.
  8763 | D:8      | Became a worshipper of Warmaster Okawaru
  9007 | D:8      | Noticed Pikel
  9016 | D:8      | Killed Pikel
  9275 | D:8      | Found a transporter.
  9277 | D:8      | Found a transporter.
  9277 | D:8      | Noticed krigyl's ghost (novice NaAE)
  9686 | D:8      | Killed krigyl's ghost
  9687 | D:8      | Reached skill level 14 in Axes
  9924 | D:9      | Reached * piety under Okawaru
 10156 | D:9      | Found a hide-covered altar of Uskayaw.
 10226 | D:9      | Gained mutation: You are completely covered in iridescent
                  | scales. (AC +6) [demonic ancestry]
 10226 | D:9      | Reached XP level 11. HP: 60/81 MP: 11/11
 10557 | D:9      | Noticed a two-headed ogre
 10810 | D:9      | Found a blossoming altar of Fedhas.
 10865 | D:10     | Entered Level 10 of the Dungeon
 10991 | D:10     | Killed an unseen horror
 11256 | D:11     | Noticed Harold
 11268 | D:11     | Killed Harold
 11268 | D:11     | Reached ** piety under Okawaru
 11581 | D:11     | Noticed Erolcha
 11591 | D:11     | Noticed an orc sorcerer
 11591 | D:11     | Killed Erolcha
 11592 | D:11     | Reached skill level 5 in Invocations
 11683 | D:11     | Noticed a sun demon
 11691 | D:11     | Paralysed by an orc sorcerer for 4 turns
 11695 | D:11     | Killed an orc sorcerer
 11695 | D:11     | Reached *** piety under Okawaru
 11696 | D:11     | Reached skill level 15 in Axes
 11794 | D:11     | Found a staircase to the Orcish Mines.
 12378 | D:12     | Noticed a deep elf mage
 12378 | D:12     | Noticed a white ugly thing
 12442 | D:11     | Killed a deep elf mage
 12442 | D:11     | Reached **** piety under Okawaru
 12571 | D:12     | Killed a white ugly thing
 12582 | D:12     | Got an ancient hand axe
 12808 | D:12     | Gained mutation: You are mostly covered in sharp spines.
                  | [demonic ancestry]
 12808 | D:12     | Reached XP level 12. HP: 69/88 MP: 18/18
 12900 | D:12     | Noticed a two-headed ogre
 13025 | D:11     | Identified the +6 hand axe of Vulerch {vorpal, rC+} (You
                  | found it on level 12 of the Dungeon)
 13183 | D:12     | Noticed a two-headed ogre
 13188 | D:12     | Killed a two-headed ogre
 13188 | D:12     | Reached ***** piety under Okawaru
 13343 | D:12     | Killed a two-headed ogre
 13343 | D:12     | Received a gift from Okawaru
 13396 | D:12     | Reached skill level 16 in Axes
 13554 | D:12     | Received a gift from Okawaru
 13561 | D:12     | Got a faintly glowing chain mail {god gift}
 13572 | D:12     | Identified the +4 chain mail of the Wasteland {rPois Regen+
                  | Dex+2} (Okawaru gifted it to you on level 12 of the
                  | Dungeon)
 13651 | D:12     | Got a scorched ivory ring
 13655 | D:12     | Identified the ring "Plog" {*Tele +Inv rN+ Dex+3} (You
                  | found it on level 12 of the Dungeon)
 13763 | Lair:1   | Entered Level 1 of the Lair of Beasts
 13947 | Lair:1   | Noticed a five-headed hydra
 13953 | Lair:1   | Killed a five-headed hydra
 14120 | Lair:1   | Found a transporter.
 14408 | Lair:1   | Noticed a four-headed hydra
 14421 | Lair:1   | Killed a four-headed hydra
 14422 | Lair:1   | Reached skill level 1 in Armour
 14448 | Lair:1   | Found a transporter.
 14448 | Lair:1   | Noticed a boulder beetle
 14774 | D:10     | Got a scorched battleaxe
 14887 | Lair:2   | Noticed a seven-headed hydra
 14895 | Lair:2   | Killed a seven-headed hydra
 14971 | Lair:2   | Noticed a four-headed hydra
 14974 | Lair:2   | Noticed a six-headed hydra
 14997 | Lair:1   | Killed a four-headed hydra
 15701 | Lair:2   | Gained mutation: You sometimes gain a little power by
                  | taking damage. [demonic ancestry]
 15701 | Lair:2   | Reached XP level 13. HP: 81/97 MP: 19/19
 16066 | Lair:2   | Identified the +6 battleaxe of the Endless March {vorpal,
                  | *Rage rN+ Int-2 Dex+7} (You found it on level 10 of the
                  | Dungeon)
 16162 | Lair:3   | Found a hole to the Spider Nest.
 16426 | Lair:3   | Received a gift from Okawaru
 16495 | Lair:3   | Reached skill level 5 in Armour
 16875 | Lair:3   | Found a staircase to the Shoals.
 17381 | Lair:4   | Reached skill level 17 in Axes
 17601 | Lair:4   | Found a sacrificial altar of Ru.
 18403 | Lair:5   | Found a viscous altar of Jiyva.
 18415 | Lair:5   | Found a staircase to the Slime Pits.
 19007 | Lair:5   | Received a gift from Okawaru
 19036 | Lair:5   | Got a scorched executioner's axe {god gift}
 19037 | Lair:5   | Identified the +1 executioner's axe of Prudence {freeze,
                  | Stlth+} (Okawaru gifted it to you on level 5 of the Lair of
                  | Beasts)
 19047 | Lair:5   | Noticed Josephine
 19062 | Lair:5   | Killed Josephine
 19063 | Lair:5   | Reached skill level 10 in Fighting
 19326 | Lair:6   | Entered Level 6 of the Lair of Beasts
 19333 | Lair:6   | Reached XP level 14. HP: 109/109 MP: 20/20
 19653 | Lair:6   | Reached ****** piety under Okawaru
 19873 | Lair:6   | Received a gift from Okawaru
 20683 | Lair:6   | Reached skill level 18 in Axes
 21414 | D:13     | Received a gift from Okawaru
 21708 | Lair:6   | Got an iridescent bardiche
 21709 | Lair:6   | Identified the +9 bardiche of Cocytus {vorpal, *Rage rPois
                  | SInv} (You found it on level 6 of the Lair of Beasts)
 22043 | D:13     | Found a gate to the Vaults.
 22225 | D:13     | Cast into level 3 of the Abyss (skeletal warrior)
 22267 | Abyss:3  | Noticed a starcursed mass
 22278 | Abyss:3  | Noticed a starcursed mass
 22401 | Abyss:3  | Noticed a bone dragon
 22412 | Abyss:3  | Killed a bone dragon
 22413 | Abyss:3  | Gained mutation: You sometimes gain power by taking damage.
                  | [demonic ancestry]
 22413 | Abyss:3  | Reached XP level 15. HP: 100/119 MP: 19/21
 22433 | Abyss:3  | Got a heavily runed plate armour
 22474 | Abyss:3  | Noticed an ancient lich
 22497 | Abyss:3  | Noticed a tentacled starspawn
 22529 | D:13     | Escaped the Abyss
 22617 | D:13     | Identified the +8 plate armour "Opseu" {rC+} (You found it
                  | on level 3 of the Abyss)
 23039 | Orc:1    | Entered Level 1 of the Orcish Mines
 23091 | Orc:1    | Noticed Jorgrun
 23105 | Orc:1    | Killed Jorgrun
 23325 | Orc:1    | Found a roughly hewn altar of Beogh.
 23406 | Orc:2    | Entered Level 2 of the Orcish Mines
 23556 | Orc:2    | Reached skill level 5 in Dodging
 23564 | Orc:2    | Found Liocin's Book Shop.
 23564 | Orc:2    | Noticed Sonja
 23565 | Orc:2    | Received a gift from Okawaru
 23595 | Orc:2    | Killed Sonja
 23600 | Orc:2    | Found Worraigy's Gadget Boutique.
 23795 | Orc:2    | Found Somoiw's General Store.
 23796 | Orc:2    | Found Yghesoum's Antique Armour Shoppe.
 23816 | Orc:2    | Found Ammummye's Weapon Shop.
 23859 | Orc:2    | Bought the +6 chain mail "Leahufue" {+Inv rF+ MR+++ Str-2}
                  | for 750 gold pieces
 23939 | Orc:2    | Found a staircase to the Elven Halls.
 24333 | Orc:2    | Bought a ring mail for 112 gold pieces
 24333 | Orc:2    | Bought a pair of brightly glowing gloves for 266 gold
                  | pieces
 24344 | Orc:2    | Identified the cursed +0 pair of gloves of Absolutism {rF+
                  | rN+ SInv} (You bought it in a shop on level 2 of the Orcish
                  | Mines)
 25037 | D:14     | Received a gift from Okawaru
 25226 | D:14     | Reached skill level 19 in Axes
 25234 | D:14     | Reached XP level 16. HP: 131/131 MP: 22/22
 25912 | D:15     | Entered Level 15 of the Dungeon
 26443 | D:15     | Noticed Agnes
 26447 | D:15     | Killed Agnes
 26455 | D:15     | Noticed Kirke
 27146 | D:15     | Killed Kirke
 27301 | D:15     | Received a gift from Okawaru
 27329 | D:15     | Noticed Louise
 27346 | D:15     | Killed Louise
 27556 | D:15     | Found a staircase to the Depths.
 27559 | D:15     | Received a gift from Okawaru
 27570 | D:15     | Got an ebony battleaxe {god gift}
 27571 | D:15     | Identified the +1 battleaxe of the Twisting Visionary
                  | {elec, rPois Str+3 Stlth+} (Okawaru gifted it to you on
                  | level 15 of the Dungeon)
 27947 | Spider:1 | Entered Level 1 of the Spider Nest
 28109 | Spider:1 | Reached skill level 20 in Axes
 28336 | Spider:1 | Noticed Donald
 28350 | Spider:1 | Killed Donald
 28353 | Spider:1 | Reached skill level 5 in Throwing
 28367 | Spider:1 | Received a gift from Okawaru
 28862 | Spider:1 | Noticed Asterion
 29318 | Spider:1 | Received a gift from Okawaru
 29332 | Spider:1 | Gained mutation: You are weak. (Str -2) [a cacodemon]
 29334 | Spider:1 | Killed Asterion
 29906 | Spider:1 | Gained mutation: You have a pair of horns on your head.
                  | [demonic ancestry]
 29906 | Spider:1 | Reached XP level 17. HP: 135/139 MP: 23/23
 30050 | Spider:1 | You fall into a shaft and drop 1 floor!
 30726 | Spider:1 | Received a gift from Okawaru
 30730 | Spider:1 | Got a pair of heavily runed gloves {god gift}
 30732 | Spider:1 | Identified the +2 pair of gloves of Lumeo {rPois Int+3}
                  | (Okawaru gifted it to you on level 1 of the Spider Nest)
 31904 | Spider:2 | Got a twisted plate armour
 31915 | Spider:2 | Identified the +11 plate armour "Ruokhuw" {Rampage *Drain
                  | rF+++ Stlth+} (You found it on level 2 of the Spider Nest)
 32251 | Spider:3 | Reached skill level 10 in Armour
 33470 | Spider:3 | Noticed Roxanne
 33489 | Spider:3 | Killed Roxanne
 33496 | Spider:3 | Reached skill level 15 in Fighting
 33794 | Spider:4 | Entered Level 4 of the Spider Nest
 33826 | Spider:4 | Noticed Arachne
 34033 | Spider:4 | Killed Arachne
 34033 | Spider:4 | Received a gift from Okawaru
 34635 | Spider:4 | Received a gift from Okawaru
 35081 | Spider:4 | Identified a scroll of acquirement
 35081 | Spider:4 | Acquired 800 gold pieces
 35150 | Spider:4 | Gained mutation: You have a pair of large horns on your
                  | head. [demonic ancestry]
 35150 | Spider:4 | Reached XP level 18. HP: 135/149 MP: 0/24
 36339 | Spider:4 | Got a gossamer rune of Zot
 36736 | Elf:1    | Entered Level 1 of the Elven Halls
 37411 | Elf:1    | Received a gift from Okawaru
 38342 | Elf:1    | Acquired a manual of Necromancy
 38680 | Elf:2    | Reached skill level 10 in Dodging
 38819 | Elf:2    | Noticed an Ice Fiend
 38823 | Elf:2    | Noticed an Ice Fiend
 39734 | Elf:2    | Received a gift from Okawaru
 39866 | Elf:2    | Found Coskicw's Magic Scroll Shop.
 39875 | Elf:2    | Bought a scroll of teleportation for 51 gold pieces
 39875 | Elf:2    | Bought a scroll of blinking for 127 gold pieces
 39875 | Elf:2    | Bought a scroll of summoning for 161 gold pieces
 39875 | Elf:2    | Bought a scroll of teleportation for 51 gold pieces
 39875 | Elf:2    | Bought a scroll of teleportation for 51 gold pieces
 39992 | Elf:2    | Found a runed translucent gate.
 39992 | Elf:2    | Found a runed translucent gate.
 39992 | Elf:2    | Found a runed translucent gate.
 40194 | Elf:3    | Entered Level 3 of the Elven Halls
 40312 | Elf:3    | Received a gift from Okawaru
 40323 | Elf:3    | Got an ancient battleaxe {god gift}
 40529 | Elf:3    | Identified the +1 battleaxe of the Messenger {elec, rF+}
                  | (Okawaru gifted it to you on level 3 of the Elven Halls)
 40555 | Elf:3    | Noticed a Hell Sentinel
 40573 | Elf:3    | Learned a level 1 spell: Animate Skeleton
 40812 | Elf:3    | Reached skill level 1 in Necromancy
 41042 | Elf:3    | Found Asix's Antique Armour Emporium.
 41325 | Elf:3    | Reached skill level 5 in Necromancy
 41771 | Elf:3    | Reached skill level 21 in Axes
 41780 | Elf:3    | Received a gift from Okawaru
 42284 | Elf:3    | Reached XP level 19. HP: 159/159 MP: 25/25
 42315 | Elf:3    | Identified the ring of Youthful Indiscretion {*Tele rF-
                  | rC++ Dex+4}
 42320 | Elf:3    | Received a gift from Okawaru
 42717 | Elf:3    | Identified the ring "Deofrin" {Str+4 Int+6}
 43122 | Elf:3    | Identified the +2 chain mail "Husch" {rElec rPois rF++
                  | Dex-3}
 43312 | Elf:3    | Identified the cursed +3 morningstar of the Leaping King
                  | {vorpal, rF+ rC+ Dex+3 Stlth+}
 43322 | Elf:3    | Identified the ring of Huocwoj {*Corrode rPois rC+ Str+2}
 43329 | Elf:3    | HP: 4/159 [deep elf high priest/divine providence (16)]
 43330 | Elf:3    | Killed from afar by a deep elf knight

Illustrated notes

Levels and vault maps discovered:
D:1:      nagdon_arrival_double_spiral, layout_loops_ring, serial_glass,
          glass_columns_c, glass_columns_a, glass_columns_a, glass_columns_a,
          glass_columns_a, glass_columns_a, glass_columns_a, glass_columns_a,
          nrook_uturn
D:2:      layout_rooms, lemuel_crystal_altar, chequers_serial_rivers_micro_e
D:3:      layout_basic, grunt_temple_overflow_open,
          nicolae_qazlal_eye_of_the_storm, minmay_misc_feat_iff,
          nicolae_dithmenos_shadow_blocks, uniq_jessica, uniq_purgy
D:4:      layout_layer_cave, minmay_temple_entry_antechambers
D:5:      layout_basic, nicolae_gozag_cash_rules_everything_around_me,
          uniq_grinder
D:6:      layout_loops_ring, kennysheep_little_box, serial_glass,
          glass_columns_a, glass_columns_a, minmay_strange_pillars,
          feat_on_display, enter_ossuary_4, minmay_fire_ice_demons
D:7:      layout_loops_ring, nemelex_xobeh_ov_fountains_minmay, uniq_duvessa
D:8:      layout_loops_ring, grunt_temple_overflow_bloody_war,
          minmay_lair_entry_grove, gammafunk_ghost_mausoleum, uniq_joseph,
          uniq_pikel, uniq_maurice
D:9:      layout_loops_corners, lemuel_crystal_altar, basic_altar
D:10:     layout_roguey
D:11:     layout_basic, zombieorc2_lemuel, uniq_harold, uniq_erolcha
D:12:     layout_basic, minmay_dual_archer_statues
D:13:     cheibrodos_statue_roulette, layout_loops_ring, erik_vaults_1
D:14:     layout_loops_ring, nrook_pool_corridor
D:15:     grunt_enter_depths_magical_seal, layout_gridville, kb_rosetta,
          uniq_agnes, uniq_louise, uniq_kirke
Temple:   minmay_freezing_vapour_temple
Lair:1:   gammafunk_boulding_lane, layout_regular_city
Lair:2:   layout_cave_pods, roderic_carrion_pond
Lair:3:   layout_regular_city, elwin_shoals_entry_stream, dummy_spider_entry,
          beast_lair_carwin_8, serial_bayou_shore_a, lemuel_fruit_tree
Lair:4:   layout_layer_cave, lemuel_centaur_altar
Lair:5:   layout_cave_shapes, slime_altar_1, cheibrodos_lair_reptile_den,
          infiniplex_staircase_pool, grunt_megastairs_4, serial_bayou_shore_b,
          uniq_josephine
Lair:6:   grunt_lair_end_beastmaster, layout_gridlike
Spider:1: nicolae_spider_corner, hangedman_spider_tarantella_strand,
          uniq_asterion, uniq_donald
Spider:2: layout_chambers
Spider:3: layout_spider_delve, uniq_roxanne
Spider:4: grunt_spider_rune_parallel, guppyfry_spider_mini_1, uniq_arachne
Orc:1:    layout_caves, minmay_orc_temple_a, uniq_jorgrun
Orc:2:    st_orc_open, layout_caves, serial_shops, nicolae_shop_window_shopping,
          uniq_sonja
Elf:1:    elf_arrival_001, layout_gridlike, evilmike_minifort
Elf:2:    layout_onion_city, serial_shops, shop, st_stairs_1
Elf:3:    minmay_elf_hall_curves, layout_geoelf_diagonals, serial_shops, shop,
          serial_glass, glass_columns_a, glass_columns_a, elves_outpost_lemuel,
          grunt_megastairs_3

Skill      XL: |  1  2  3  4  5  6  7  8  9 10 11 12 13 14 15 16 17 18 19 |
---------------+----------------------------------------------------------+-----
Axes           | 3 4 5 6 7 8 9 12 14 15 16 17 18 19 20 21 | 21.2
Fighting       | 4 6 7 10 11 13 14 15 16 | 16.8
Invocations    | 8 |  8.9
Armour         | 4 7 9 10 | 10.4
Dodging        | 3 6 8 10 | 10.7
Throwing       | 5 |  5.6
Necromancy     | 6 9 |  9.3

Action                   |  1- 3 |  4- 6 |  7- 9 | 10-12 | 13-15 | 16-18 | 19-21 || total
-------------------------+-------+-------+-------+-------+-------+-------+-------++-------
Melee: War axe           |    76 |    55 |   193 |       |       |       |       ||   324
       Headbutt          |     6 |    12 |    60 |   135 |   213 |   257 |    19 ||   702
       Broad axe         |       |       |   104 |   523 |     3 |       |       ||   630
       Punch             |       |       |       |     2 |       |       |       ||     2
       Morningstar       |       |       |       |    18 |    16 |       |       ||    34
       Battleaxe         |       |       |       |       |   661 |   674 |    49 ||  1384
       Executioner's axe |       |       |       |       |       |   357 |       ||   357
Throw: Javelin           |       |       |       |       |       |     9 |       ||     9
Invok: Heroism           |       |       |       |     4 |    16 |    20 |     7 ||    47
       Finesse           |       |       |       |       |       |     1 |       ||     1
Evoke: Wand              |       |       |       |    19 |     1 |       |       ||    20
       Condenser vane    |       |       |       |       |       |     1 |       ||     1
  Use: Scroll            |       |     3 |     5 |    20 |    10 |    22 |     4 ||    64
       Potion            |       |     2 |     2 |     2 |     1 |     9 |     3 ||    19
 Stab: Sleeping          |     2 |       |       |       |       |       |       ||     2
       Paralysed         |       |       |       |     2 |     1 |       |       ||     3
Armor: Leather armour    |     8 |       |       |       |       |       |       ||     8
       Ring mail         |     8 |       |       |       |       |       |       ||     8
       Chain mail        |    16 |    34 |   133 |   308 |   362 |   332 |    14 ||  1199
       Plate armour      |       |       |       |       |    35 |   327 |       ||   362
Dodge: Dodged            |    48 |    22 |   135 |   234 |   408 |   763 |    36 ||  1646
Block: Other             |       |       |       |       |    96 |   222 |     3 ||   321
       Reflection        |       |       |       |       |     1 |    11 |     1 ||    13

Table legend: (Time is in decaauts)
 A = Elapsed time spent in this place.
 B = Non-inter-level travel time spent in this place.
 C = Inter-level travel time spent in this place.
 D = Time resting spent in this place.
 E = Time spent auto-exploring this place.
 F = Levels seen in this place.
 G = Mean time per level.
                   A        B        C        D        E       F      G
               +--------+--------+--------+--------+--------+-----+--------+
         Total |  43571 |  40691 |   2880 |  10755 |  22314 |  33 | 1320.3 |
       Dungeon |  18675 |  17093 |   1582 |   2885 |  11190 |  15 | 1245.0 |
        Temple |      1 |      0 |      1 |      0 |      0 |   1 |    1.0 |
          Lair |   7601 |   6743 |    858 |    943 |   4766 |   6 | 1266.8 |
   Spider Nest |   8495 |   8257 |    238 |   3355 |   3511 |   4 | 2123.8 |
  Orcish Mines |   1532 |   1408 |    124 |    316 |    814 |   2 |  766.0 |
   Elven Halls |   6560 |   6486 |     74 |   3179 |   1832 |   3 | 2186.7 |
         Abyss |    323 |    323 |      0 |     76 |      0 |   1 |  323.0 |
       Ossuary |    382 |    382 |      0 |      0 |    200 |   1 |  382.0 |
               +--------+--------+--------+--------+--------+-----+--------+

Top non-repeatable levels by time:
   Elf:3: 2779 daAuts
Spider:1: 2622 daAuts
   Elf:1: 2462 daAuts
Spider:2: 2449 daAuts
     D:8: 2205 daAuts
Spider:4: 2149 daAuts
    D:15: 1821 daAuts
  Lair:6: 1631 daAuts
     D:4: 1609 daAuts
    D:14: 1487 daAuts
     D:7: 1441 daAuts
    D:11: 1381 daAuts
    D:12: 1380 daAuts
   Elf:2: 1318 daAuts
  Lair:2: 1309 daAuts
